 BcadrenCrawl: Boulder Brew version 0.05.4-52-gbd2e00ed8b (webtiles) character file.

Game seed: 9995722260390803414, levelgen mode: deterministic

172 namelastname112 the Magician (level 5, -3/63 HPs) Immature Draconian Transmuter. Began on May 12, 2022. Killed by entropic burst (20 damage) ... on level 2 of the Dungeon. The game lasted 00:01:51 (603 turns).

namelastname112 the Magician (DrTm)                  Turns: 603, Time: 00:01:51

Health: -3/63      AC: 22    Str: 12    XL:     5 ^: 134
Magic:  1/10       EV:  2    Int: 13    God:
Gold:   11         SH:  0    Dex: 18    Spells: 8/11 levels left

rFire    + . .     Vision   .     - Unarmed
rCold    . . .     Gourm    .     - Unarmed
rNeg     + + .     Faith    .   (armour currently unavailable)
rCorr    . . .     Spirit   .   (helmet currently unavailable)
rPois    +         Reflect  .   (cloak currently unavailable)
rElec    .         Harm     .   (gloves currently unavailable)
MR       .....     NoTele   +   (boots currently unavailable)
Stlth    ++........             c - amulet of chaos
HPRegen  0.31/turn              g - ring of dexterity
MPRegen  0.20/turn              (no ring)

@: tree-form, very slightly contaminated, very slow
A: AC +6
a: no special abilities


You were on level 2 of the Dungeon.
You were not hungry.
You were a tree.
You visited 1 branch of the dungeon, and saw 2 of its levels.

You collected 11 gold pieces.

Inventory:

Armour
 a - a +0 pair of boots (melded)
Jewellery
 c - an amulet of chaos (around neck)
 g - a ring of dexterity (left branch)
Scrolls
 h - a scroll of teleportation
Potions
 d - a potion of agility
 e - a potion of curing
 f - a potion of lignification
Comestibles
 b - a ration


   Skills:
 + Level 2.6 Fighting
 + Level 2.3 Dodging
 + Level 3.2 Unarmed Combat
 + Level 3.6 Spellcasting
 * Level 2.9 Transmutations


You had 8 spell levels left.
You knew the following spells:

 Your Spells              Type           Power        Failure   Level  Hunger
a - Beastly Appendage Tmut 10 (50) 6% 1 0-13 x - Sticks to Snakes Tmut           10 (100)     10%         2    33-73

Your spell library contained the following spells:

 Spells                   Type           Power        Failure   Level  Hunger
 Scorpion Form Tmut/Pois 6 (200) 34% 3 73-133 Snakes to Sticks Hex/Tmut 6 (100) 34% 3 73-133 Ice Form Ice/Tmut 6 (100) 75% 4 153-253 Blade Hands Tmut           10 (200)     87%         5    273-433


Dungeon Overview and Level Annotations

Branches:
Dungeon (2/8)

Altars:


Innate Abilities, Weirdness & Mutations

((Your plain brown scales are resilient. (AC +6)))
((You can breathe rudimentary magical darts.))
((You cannot wear any armour on your peculiar form.))
((You are cold-blooded and are slowed more easily by cold attacks.))


Message History

You thrash the sewer rat (6)!
It is struck brutally!!!
You annihilate the sewer rat!!!
You hear a splash!
The sewer rat bites you but does no damage!
The sewer rat blocks your attack!
You thrash the sewer rat (4)!
It is struck brutally!!!
The sewer rat is heavily wounded! (6/10) HP Your ball python bites the sewer rat but does no damage!
Your ball python grabs the sewer rat!
Your ball python constricts the sewer rat (0)!
You thrash the sewer rat (7)!!!
It is struck brutally!!!
You annihilate the sewer rat!!!
You hear a splash!
The sewer rat bites your ball python (3)!
It resists!
Your ball python explodes!!!
The entropic burst engulfs the sewer rat (32)!!!!!!
You annihilate the sewer rat!!!
You hear a splash!
The entropic burst engulfs you (20)!!!!!! rip

#.≈≈≈≈≈≈≈
..≈≈≈≈≈≈≈#
..≈≈≈≈≈≈≈#
#.≈≈≈≈≈≈≈#
#.≈r≈≈≈≈≈#
#≈≈r≈≈≈≈≈#
#§§§≈≈†≈≈#
#§§§≈≈≈≈.#
#§♣†≈≈≈≈≈#
##########
##########


You could see 2 submerged sewer rats.

Vanquished Creatures
  A giant cockroach (D:1)
  13 sewer rats (D:2)
  3 cinder newts (D:1)
  2 dart slugs (D:1)
  2 leopard geckos (D:1)
  A ball python (D:1)
  A bat (D:1)
  2 goblins (D:1)
  2 hobgoblins (D:1)
  2 kobolds (D:1)
29 creatures vanquished.

Vanquished Creatures (collateral kills)
  A ball python (D:2)
  A goblin (D:1)
  A bat (D:1)
3 creatures vanquished.

Vanquished Creatures (others)
  3 withered plants (D:2)
3 creatures vanquished.

Grand Total: 35 creatures vanquished

Notes
Turn   | Place    | Note
-------+----------+-------------------------------------------
     0 | D:1      | namelastname112 the Immature Draconian Transmuter began the
                  | quest for the Orb.
     0 | D:1      | Reached XP level 1. HP: 16/16 MP: 4/4
     6 | D:1      | Noticed a fire giant
     6 | D:1      | Noticed a tyrant leech
     6 | D:1      | Noticed a komodo dragon
    48 | D:1      | Reached XP level 2. HP: 23/23 MP: 5/5
    60 | D:1      | Learned a level 2 spell: Sticks to Snakes
   124 | D:1      | Reached XP level 3. HP: 29/29 MP: 4/7
   561 | D:2      | Reached XP level 4. HP: 36/36 MP: 3/8
   598 | D:2      | Reached XP level 5. HP: 16/42 MP: 1/10
   603 | D:2      | Killed by entropic burst

Levels and vault maps discovered:
D:1:      onia_arrival_zoo_common, layout_basic
D:2:      layout_sewer, elyvilon_niche, first_ration, uniq_natasha

Skill      XL: |  1  2  3 |
---------------+----------+-----
Spellcasting   | 3 |  3.6
Transmutations | 2 |  2.9
Fighting       | 2 |  2.6
Dodging        | 2 |  2.3
Unarmed Combat | 3 |  3.2

Action                   |  1- 3 |  4- 6 || total
-------------------------+-------+-------++-------
Melee: Unarmed           |    64 |    64 ||   128
       Peck              |     4 |     2 ||     6
 Cast: Sticks to Snakes  |     8 |     2 ||    10
  Use: Potion            |       |     1 ||     1
 Stab: Sleeping          |     1 |       ||     1
Armor: Skin              |    13 |    32 ||    45
Dodge: Dodged            |    10 |    10 ||    20
